 Dungeon Crawl Stone Soup version 0.30.0 (webtiles) character file.

Game seed: 17089063009884638298

877 Weevilburger the Covered (level 8, -7/61 HPs)
             Began as a Human Fighter on Aug 22, 2023.
             Mangled by a yak (10 damage)
             ... on level 6 of the Dungeon.
             The game lasted 00:26:10 (3965 turns).

Weevilburger the Covered (Human Fighter)            Turns: 3965, Time: 00:26:11

Health: -7/61      AC: 14    Str: 20    XL:     8   Next: 25%
Magic:  10/10      EV:  5    Int:  8    God:
Gold:   307        SH:  9    Dex: 12    Spells: 9/9 levels left

rFire   + . .        h - +4 mace (elec)
rCold   x . .        i - +0 kite shield
rNeg    . . .        j - +2 plate armour
rPois   .            (no helmet)
rElec   .            (no cloak)
rCorr   .            (no gloves)
SInv    .            (no boots)
Will    .....        (no amulet) Stlth
                     t - ring of fire
HPRegen 0.30/turn    (no ring)
MPRegen 0.12/turn

%: no passive effects
@: no status effects
A: no striking features
a: no special abilities


You were on level 6 of the Dungeon.
You visited 1 branch of the dungeon, and saw 6 of its levels.
You also visited: Sewer.

You collected 307 gold pieces.

Inventory:

Hand Weapons
 h - a +4 mace of electrocution (weapon)
Missiles
 a - 3 silver boomerangs (quivered)
Armour
 i - a +0 kite shield (worn)
 j - a +2 plate armour (worn)
 v - a scarf of invisibility
Jewellery
 g - an amulet of magic regeneration
 t - a ring of fire (left hand)
Wands
 d - a wand of mindburst (24)
 p - a wand of flame (18)
 w - a wand of charming (2)
Scrolls
 b - 3 scrolls of teleportation
 n - a scroll of immolation
 s - 2 scrolls of blinking
Potions
 c - 2 potions of resistance
 e - a potion of haste
 f - 2 potions of ambrosia {unknown}
 k - a potion of attraction {unknown}
 l - a potion of lignification {unknown}
 m - a potion of invisibility {unknown}
 o - 3 potions of curing {unknown}
 q - a potion of flight {unknown}
 r - a potion of heal wounds
Miscellaneous
 u - a box of beasts (inert)


   Skills:
 * Level 4.8 Fighting
 + Level 3.3 Long Blades
 * Level 3.5 Maces & Flails
 * Level 5.0 Armour
 + Level 2.0 Dodging
 * Level 4.9 Shields
 + Level 1.4 Spellcasting


You had 9 spell levels left.
You didn't know any spells.
Your spell library contained the following spells:

 Spells                   Type           Power      Damage    Failure   Level
 Necrotise                Necr           0%         1d4       100%        1
 Summon Guardian Golem    Hex/Summ       0%         N/A       100%        3
 Vampiric Draining        Necr           0%         2d6       100%        3
 Agony                    Necr           0%         N/A       100%        5
 Orb of Destruction       Conj           0%         9d5       100%        7
 Spellforged Servitor     Conj/Summ      0%         N/A       100%        7
 Borgnjor's Revivificati  Necr           0%         N/A       100%        8
 Necromutation            Tmut/Necr      0%         N/A       100%        8
 Death's Door             Necr           0%         N/A       100%        9


Dungeon Overview and Level Annotations

Branches:
Dungeon (6/15)              Sewer (visited)
 Temple: D:4-7

Altars:
Qazlal
Wu Jian

Shops:
D:4 (


Message History

You sock the yak!
The yak is moderately wounded.
A scorpion comes into view.
The yak gores you but does no damage. The yak gores you.
You hit the yak.
The yak is heavily wounded.
You block the yak's attack. The yak barely misses you.
You block the yak's attack. The yak barely misses you.
You thump the yak!
The yak is moderately wounded.
The yak gores you. x2; The yak barely misses you.
The yak gores you but does no damage. You block the yak's attack.
You hit the yak.
The yak is moderately wounded.
You block the yak's attack.
The yak gores you but does no damage. x3
The yak gores you! The yak gores you. x2
The yak gores you but does no damage. You block the yak's attack.
The yak closely misses you.
You thump the yak!
The yak is heavily wounded.
The yak snorts and paws the ground.
The yak closely misses you. You block the yak's attack.
The yak gores you but does no damage. The yak gores you.
You block the yak's attack.
You hit the yak.
The yak is heavily wounded.
The yak gores you but does no damage. The yak gores you.
The yak gores you but does no damage. The yak gores you. The yak gores you!
* * * LOW HITPOINT WARNING * * *
You sock the yak!
The yak is severely wounded.
The yak gores you but does no damage. The yak barely misses you.
The yak gores you.
* * * LOW HITPOINT WARNING * * *
The yak gores you but does no damage. x2; The yak barely misses you.
The yak gores you!
* * * LOW HITPOINT WARNING * * *
The yak gores you!
You die...

####
##...###
##......##
#.........
#YY..>....
#@Y.......
#YY.......
#s........
#.?..?....
.#........
.....$.....
#..$.......
##...<.....


You could see 5 yaks and a scorpion.

Vanquished Creatures
  An ice beast (D:5)
  An ogre (D:4)
  2 bullfrogs (Sewer)
  3 scorpions (D:5)
  3 hounds (D:4)
  An orc priest (D:3)
  A sleepcap (D:5)
  11 adders
  2 worms (D:2)
  4 dart slugs
  9 orcs
  11 ball pythons
  10 endoplasms
  5 giant cockroaches
  10 goblins
  13 hobgoblins
  6 jackals
  10 quokkas
  5 bats
  8 frilled lizards (Sewer)
  8 kobolds
  7 rats
131 creatures vanquished.

Notes
Turn   | Place    | Note
-------+----------+-------------------------------------------
     0 | D:1      | Weevilburger the Human Fighter began the quest for the Orb.
     0 | D:1      | Reached XP level 1. HP: 18/18 MP: 1/1
   118 | D:1      | Reached XP level 2. HP: 17/24 MP: 2/2
   195 | D:1      | Found a faded altar of an unknown god.
   407 | D:1      | Reached XP level 3. HP: 28/29 MP: 3/3
   708 | D:2      | Reached skill level 1 in Maces & Flails
   777 | D:2      | Reached XP level 4. HP: 29/35 MP: 4/4
  1050 | D:2      | Learned a level 1 spell: Necrotise
  1601 | D:3      | Reached XP level 5. HP: 41/41 MP: 5/5
  2026 | D:4      | Reached skill level 4 in Armour
  2042 | D:4      | Reached XP level 6. HP: 44/48 MP: 6/6
  2091 | D:4      | Found Tirorr's Weapon Emporium.
  2187 | D:4      | Identified the +0 leather armour of Death Resistance
                  | {rPois}
  2313 | D:4      | Found a stormy altar of Qazlal.
  2522 | D:4      | Noticed an ogre
  2531 | D:4      | HP: 2/48 [ogre/+0 giant club (10)]
  2532 | D:4      | Killed an ogre
  2533 | D:4      | Reached skill level 1 in Dodging
  2758 | D:4      | Reached XP level 7. HP: 47/54 MP: 7/7
  3014 | D:5      | Entered Level 5 of the Dungeon
  3170 | D:5      | Found a glowing drain.
  3247 | Sewer    | Entered a sewer
  3469 | Sewer    | Reached skill level 1 in Spellcasting
  3725 | D:5      | Reached XP level 8. HP: 53/61 MP: 9/9
  3811 | D:5      | Found an ornate altar of the Wu Jian Council.
  3879 | D:5      | Reached skill level 5 in Armour
  3951 | D:6      | Noticed a yak
  3951 | D:6      | Noticed a yak
  3951 | D:6      | Noticed a yak
  3952 | D:6      | Noticed a yak
  3952 | D:6      | Noticed a yak
  3965 | D:6      | HP: 3/61 [yak (9)]
  3965 | D:6      | Mangled by a yak

Illustrated notes

Levels and vault maps discovered:
D:1:      eino_arrival_cavern_d, layout_loops_corners,
          nicolae_ecumenical_lake_church, grunt_decor_arrowhead
D:2:      layout_rooms, minmay_small_reverse_x
D:3:      cheibrodos_greedy_goblins, layout_loops_ring
D:4:      layout_gridville, mainiacjoe_overflow_catwalk, serial_shops,
          nicolae_shop_bloodbath_and_beyond
D:5:      layout_basic, nicolae_ru_path_of_blood, lemuel_crystal_altar,
          mainiacjoe_overflow_boulevard, portal_sewer_entry_a, uniq_menkaure,
          uniq_duvessa
D:6:      layout_cave_pods, temple_pool_b, serial_shops, nicolae_shop_trees,
          uniq_maggie

Skill      XL: |  1  2  3  4  5  6  7  8 |
---------------+-------------------------+-----
Maces & Flails | 1 2 3 |  3.5
Armour         | 4 5 |  5.0
Shields        | 4 |  4.9
Fighting       | 4 |  4.8
Dodging        | 1 2 |  2.0
Spellcasting   | 1 |  1.4
Long Blades    | 3 |  3.3

Action                     |  1- 3 |  4- 6 |  7- 9 || total
---------------------------+-------+-------+-------++-------
  Melee: Long sword        |    38 |       |       ||    38
         Mace              |    39 |   167 |   159 ||   365
  Evoke: Box of beasts     |       |       |     1 ||     1
    Use: Scroll            |     4 |     9 |     2 ||    15
         Potion            |       |     2 |       ||     2
 Armour: Scale mail        |    42 |       |       ||    42
         Plate armour      |     8 |   131 |   159 ||   298
  Dodge: Dodged            |    44 |    48 |    47 ||   139
  Block: Buckler           |    15 |       |       ||    15
         Kite shield       |    21 |   124 |   119 ||   264
